 Dungeon Crawl Stone Soup version 0.21-a0-200-gb89f83b (webtiles) character file.

303 Leszczynek the Ruffian (level 6, -2/55 HPs)
             Began as a Troll Skald on Aug 17, 2017.
             Killed from afar by Ijyb (10 damage)
             ... with a wand of acid (?/15)
             ... on level 4 of the Dungeon.
             The game lasted 00:04:57 (1000 turns).

Leszczynek the Ruffian (Troll Skald)                Turns: 1000, Time: 00:04:58

Health: -2/55      AC:  5    Str: 20    XL:     6   Next: 15%
Magic:  6/6        EV: 10    Int: 10    God:
Gold:   183        SH:  0    Dex: 10    Spells: 4/7 levels left

rFire    . . .     SeeInvis .     - Unarmed
rCold    . . .     Gourm    +   (no shield)
rNeg     . . .     Faith    .   a - +0 robe
rPois    .         Spirit   .   (helmet restricted)
rElec    .         Reflect  .   (no cloak)
rCorr    .         Harm     .   (gloves unavailable)
MR       .....                  (boots unavailable)
Stlth    ..........             (no amulet)
HPRegen  0.58/turn              n - ring of loudness (curse)
MPRegen  0.10/turn              (no ring)

@: no status effects
A: unfitting armour, claws 3, fast metabolism 3, gourmand, regeneration 1,
shaggy fur 1, tough skin 2
a: no special abilities


You were on level 4 of the Dungeon.
You were completely stuffed.

You visited 1 branch of the dungeon, and saw 4 of its levels.

You collected 183 gold pieces.

Inventory:

Missiles
 e - 19 bolts
 l - 5 tomahawks (quivered)
Armour
 a - a +0 robe (worn)
Jewellery
 n - a cursed ring of loudness (left claw)
Scrolls
 g - 2 scrolls of remove curse {unknown}
 k - a scroll of immolation {unknown}
 m - 2 scrolls of teleportation {unknown}
 o - a scroll of magic mapping {unknown}
 q - a scroll of fear {unknown}
Potions
 c - a potion of might {unknown}
 h - a potion of berserk rage {unknown}
 i - 2 potions of mutation {unknown}
 p - a potion of heal wounds {unknown}
Books
 b - a book of Battle

   Spells                             Type                      Level
   a - Infusion                       Charms                       1
   b - Shroud of Golubria             Charms/Translocation         2
   c - Song of Slaying                Charms                       2
   d - Spectral Weapon                Hexes/Charms                 3
   e - Regeneration                   Charms/Necromancy            3
Comestibles
 d - 2 bread rations
 f - 3 meat rations
 j - a chunk of flesh


   Skills:
 - Level 1.5 Fighting
 - Level 1.9 Dodging
 + Level 6.5 Unarmed Combat
 - Level 1.2 Spellcasting
 - Level 2.0 Charms


You had 4 spell levels left.
You knew the following spells:

 Your Spells              Type           Power        Failure   Level  Hunger
a - Infusion              Chrm           #...         16%         1    ##.....
b - Shroud of Golubria    Chrm/Tloc      #.........   34%         2    ###....


Dungeon Overview and Level Annotations

Branches:
Dungeon (4/15)
 Temple: D:4-7

Altars:
Gozag

Annotations:
D:4 Ijyb


Innate Abilities, Weirdness & Mutations

You are too large for most types of armour.
You have claws for hands.
Your metabolism is lightning-fast.
You like to eat raw meat.
Your natural rate of healing is unusually fast.
You are covered in fur. (AC +1)
You have very tough skin. (AC +2)


Message History

Some of the chunks of flesh in your inventory have rotted away.
Eating one of 2 chunks of flesh.
You eat one of the 2 chunks of flesh.
This raw flesh tastes great.
Found a scroll labeled GECZOU WUIBONGISU.
Unknown command.
q - a scroll labeled GECZOU WUIBONGISU
Found 11 gold pieces.
Found a stone staircase leading down.
You now have 183 gold pieces (gained 11).
Unknown command.
Ijyb the Twisted Goblin comes into view.
Ijyb screams, "Me stronger than you!"
Ijyb zaps a wand.
The bolt of acid hits you!
You are splashed with acid!
The acid burns!
It is a wand of acid (?/15).
You scratch Ijyb but do no damage.
Ijyb zaps a wand.
The bolt of acid hits you!
You are splashed with acid!
The acid burns!
* * * LOW HITPOINT WARNING * * *
Okay, then.
You barely miss Ijyb.
Ijyb zaps a wand.
The bolt of acid hits you!
You die...

### .. ############
##<#### #.g.........
#..... #@####......
#...# #.# #.#####
##...#### #..###.####>#
........###...........#
......................#
........##...###.####.#
##...#####...# #.# #.#
#...# #...#
#.####.#####.# #...#
#...###............#


You could see Ijyb.

Vanquished Creatures
  Blork the orc (D:4)
  A hound (D:4)
  A quasit (D:3)
  An orc wizard (D:3)
  A worker ant (D:4)
  An iguana (D:3)
  4 adders
  A shadow imp (D:4)
  An ooze (D:4)
  2 worms (D:3)
  A dart slug (D:2)
  A leopard gecko (D:2)
  5 orcs (D:3)
  3 bats
  2 giant cockroaches
  A goblin (D:3)
  4 hobgoblins (D:3)
  A jackal (D:2)
  A quokka (D:3)
  A ball python (D:2)
  A frilled lizard (D:3)
  A jackal skeleton (D:4)
  2 kobolds
  A rat (D:3)
39 creatures vanquished.

Notes
Turn   | Place    | Note
-------+----------+-------------------------------------------
     0 | D:1      | Leszczynek the Troll Skald began the quest for the Orb.
     0 | D:1      | Reached XP level 1. HP: 19/19 MP: 1/1
     9 | D:1      | Noticed a bullfrog
   113 | D:2      | Reached skill level 3 in Unarmed Combat
   113 | D:2      | Reached XP level 2. HP: 19/27 MP: 2/2
   118 | D:2      | Learned a level 2 spell: Shroud of Golubria
   226 | D:3      | Found an opulent altar of Gozag.
   255 | D:3      | Reached skill level 4 in Unarmed Combat
   255 | D:3      | Reached XP level 3. HP: 33/33 MP: 3/3
   329 | D:3      | Reached XP level 4. HP: 39/41 MP: 4/4
   450 | D:3      | Reached skill level 5 in Unarmed Combat
   563 | D:2      | Reached XP level 5. HP: 40/48 MP: 5/5
   616 | D:4      | Noticed Blork the orc
   677 | D:4      | Killed Blork the orc
   677 | D:4      | Reached skill level 6 in Unarmed Combat
   811 | D:4      | Reached XP level 6. HP: 38/55 MP: 6/6
   989 | D:4      | Noticed Ijyb
   999 | D:4      | HP: 7/55 [acid (13)]
  1000 | D:4      | Killed from afar by Ijyb

Vault maps used:
D:1:      evilmike_arrival_come_back
D:2:      minitemple, st_stairs_4
D:3:      wad_pebble_path, lemuel_crystal_altar, lemuel_crystal_altar
D:4:      serial_shops, kennysheep_little_box, uniq_blork_the_orc, uniq_ijyb

Skill      XL: |  1  2  3  4  5 |
---------------+----------------+-----
Unarmed Combat | 3 4 5 6 |  6.5
Fighting       | |  1.5
Dodging        | |  1.9
Spellcasting   | |  1.2
Charms         | |  2.0

Action                   |  1- 3 |  4- 6 || total
-------------------------+-------+-------++-------
Melee: Unarmed           |    48 |    79 ||   127
       Punch             |     1 |     3 ||     4
 Cast: Shroud of Golubri |       |     1 ||     1
  Eat: Chunk             |     6 |     9 ||    15
Armor: Robe              |    15 |    24 ||    39
Dodge: Dodged            |    22 |    41 ||    63
